 Dungeon Crawl Stone Soup version 0.21.1-1-g345015f (webtiles) character file.

1346 GrunderHorse the Chopper (level 8, 0/65 HPs)
             Began as a Formicid Fighter on Feb 23, 2018.
             Slain by an orc warrior
             ... wielding a +0 halberd
              (12 damage)
             ... on level 6 of the Dungeon.
             The game lasted 00:07:57 (4930 turns).

GrunderHorse the Chopper (Formicid Fighter)         Turns: 4930, Time: 00:07:58

Health: 0/65       AC: 12    Str: 26    XL:     8   Next: 94%
Magic:  8/8        EV:  6    Int:  8    God:
Gold:   266        SH:  0    Dex: 12    Spells: 7/7 levels left

rFire    . . .     SeeInvis +   a - +0 war axe
rCold    . . .     Gourm    .   c - +0 shield
rNeg     . . .     Faith    .   r - +0 plate armour
rPois    .         Spirit   .   (helmet unavailable)
rElec    .         Reflect  .   (no cloak)
rCorr    .         Harm     .   (no gloves)
MR       .....                  (no boots)
Stlth    ..........             (no amulet)
HPRegen  0.20/turn              (no ring)
MPRegen  0.11/turn              (no ring)

@: confused, mighty
A: permanent stasis, dig shafts and tunnels, four strong arms, antennae 3
a: Dig, Shaft Self


You were on level 6 of the Dungeon.
You were not hungry.

You visited 1 branch of the dungeon, and saw 6 of its levels.

You collected 266 gold pieces.

Inventory:

Hand Weapons
 a - a +0 war axe (weapon)
 u - a +0 long sword
Missiles
 s - 2 tomahawks (quivered)
 y - 7 javelins
Armour
 b - a +0 scale mail
 c - a +0 shield (worn)
 r - a +0 plate armour (worn)
Wands
 p - a wand of paralysis (13)
Scrolls
 e - 3 scrolls of identify
 h - a scroll of noise {unknown}
 i - 3 scrolls of fog {unknown}
 k - 5 scrolls of remove curse {unknown}
 l - 2 scrolls of teleportation {unknown}
 n - 5 scrolls of amnesia {unknown}
 v - a scroll of magic mapping {unknown}
Potions
 g - a potion of mutation {unknown}
 m - a potion of ambrosia
 o - a potion of curing
 q - a potion of cancellation {unknown}
 w - a potion of resistance {unknown}
 z - a potion of lignification {unknown}
 A - a potion of agility {unknown}
Books
 d - a book of Cantrips

   Spells                             Type                      Level
   a - Confusing Touch                Hexes                        1
   b - Animate Skeleton               Necromancy                   1
   c - Summon Small Mammal            Summoning                    1
   d - Apportation                    Translocation                1
 t - the Almanac of Supportive Feathers
   (You found it on level 4 of the Dungeon)

   Spells                             Type                      Level
   a - Summon Guardian Golem          Hexes/Summoning              3
   b - Silence                        Hexes/Air                    5
   c - Summon Mana Viper              Hexes/Summoning              5
   d - Malign Gateway                 Summoning/Translocation      7
Comestibles
 f - 7 rations
 x - 4 chunks of flesh


   Skills:
 + Level 6.3 Fighting
 + Level 7.2 Axes
 - Level 5.0 Armour
 - Level 1.0 Dodging
 - Level 0.6 Stealth
 - Level 6.0 Shields


You had 7 spell levels left.
You didn't know any spells.

Dungeon Overview and Level Annotations

Branches:
Dungeon (6/15)
 Temple: D:4-7

Altars:
Makhleb
Nemelex Xobeh
Okawaru


Innate Abilities, Weirdness & Mutations

You cannot be hasted, slowed, berserked, paralysed or teleported.
You can dig through walls and to a lower floor.
Your four strong arms can wield two-handed weapons with a shield.
You have a pair of large antennae on your head. (SInv)


Message History

You hit the orc warrior but do no damage.
The orc warrior hits you with a halberd.
Some of the chunks of flesh in your inventory have rotted away.
You feel very mighty all of a sudden.
The orc warrior hits you with a halberd.
You are too injured to fight recklessly!
You slice the orc warrior!!
The orc warrior is severely wounded.
The orc warrior hits you with a halberd!
* * * LOW HITPOINT WARNING * * *
You closely miss the orc warrior.
The orc warrior is severely wounded.
You slash the orc!
You kill the orc!
The orc warrior hits you with a halberd.
* * * LOW HITPOINT WARNING * * *
You are confused.
You feel invigorated.
The orc warrior hits you with a halberd!
You die...

.....### #
#....##.#
#..<....#
#....#### ##
#....#<. !
#..).#.# .#
#.[..#.##.###.#
#.......o.....#
#....(.@o......
##......)......
#.../.........
#........?..##
#...........#
#.........<.#
####.##.....#
#.# .....#


You could see an orc warrior and an orc.

Vanquished Creatures
  The ghost of Ajohnson the Skirmisher, an amateur GrFi (D:3)
  An ice beast (D:5)
  2 ogres (D:5)
  A sky beast (D:5)
  2 bullfrogs (D:6)
  2 scorpions (D:4)
  3 crimson imps
  2 hounds (D:5)
  A jelly (D:5)
  An orc priest (D:4)
  A bullfrog skeleton (D:5)
  An orc wizard (D:4)
  2 worker ants (D:4)
  A hound zombie (D:5)
  A hound skeleton (D:4)
  9 adders
  2 river rats (D:4)
  2 shadow imps (D:5)
  3 oozes
  An adder skeleton (D:4)
  2 worms (D:2)
  5 dart slugs
  4 leopard geckos
  15 orcs
  3 ball pythons
  3 bats (D:2)
  10 giant cockroaches
  9 goblins
  5 hobgoblins
  5 jackals
  8 kobolds
  5 quokkas
  2 frilled lizards
  A jackal skeleton (D:5)
  A quokka zombie (D:5)
  8 rats
125 creatures vanquished.

Notes
Turn   | Place    | Note
-------+----------+-------------------------------------------
     0 | D:1      | GrunderHorse the Formicid Fighter began the quest for the Orb.
     0 | D:1      | Reached XP level 1. HP: 18/18 MP: 1/1
    55 | D:1      | You fall through a shaft!
    55 | D:2      | Found an iron altar of Okawaru.
    61 | D:2      | Reached XP level 2. HP: 24/24 MP: 2/2
   228 | D:1      | Reached XP level 3. HP: 28/29 MP: 3/3
   739 | D:2      | Found a sparkling altar of Nemelex Xobeh.
   834 | D:2      | Reached XP level 4. HP: 32/37 MP: 4/4
  1121 | D:2      | Reached skill level 3 in Axes
  1420 | D:2      | Reached XP level 5. HP: 36/42 MP: 5/5
  2020 | D:3      | Found a faded altar of an unknown god.
  2034 | D:3      | Noticed Ajohnson's ghost (amateur GrFi)
  2049 | D:3      | Killed Ajohnson's ghost
  2049 | D:3      | Reached skill level 4 in Axes
  2049 | D:3      | Reached skill level 1 in Dodging
  2049 | D:3      | Reached XP level 6. HP: 30/48 MP: 6/6
  2564 | D:4      | Reached skill level 5 in Shields
  2564 | D:4      | Reached XP level 7. HP: 55/55 MP: 7/7
  2612 | D:4      | Reached skill level 5 in Axes
  3828 | D:4      | Identified the Almanac of Supportive Feathers
  3964 | D:5      | Entered Level 5 of the Dungeon
  3989 | D:5      | Reached skill level 6 in Axes
  3989 | D:5      | Reached XP level 8. HP: 61/61 MP: 8/8
  4225 | D:5      | Reached skill level 5 in Armour
  4339 | D:5      | Reached skill level 5 in Fighting
  4540 | D:5      | Found a burning altar of Makhleb.
  4917 | D:6      | Reached skill level 7 in Axes
  4930 | D:6      | Slain by an orc warrior

Skill      XL: |  1  2  3  4  5  6  7  8 |
---------------+-------------------------+-----
Shields        | 4 5 6 |  6.0
Axes           | 3 4 6 7 |  7.2
Fighting       | 4 6 |  6.3
Armour         | 4 5 |  5.0
Dodging        | 1 |  1.0
Stealth        | |  0.6

Action                   |  1- 3 |  4- 6 |  7- 9 || total
-------------------------+-------+-------+-------++-------
Melee: War axe           |    90 |   156 |   224 ||   470
Throw: Tomahawk          |       |       |     2 ||     2
  Use: Potion            |     3 |     2 |     2 ||     7
       Scroll            |       |     1 |       ||     1
  Eat: Chunk             |       |     6 |     4 ||    10
       Ration            |       |       |     1 ||     1
Armor: Scale mail        |    40 |    46 |       ||    86
       Plate armour      |       |    19 |    98 ||   117
Dodge: Dodged            |    28 |    51 |    43 ||   122
Block: Shield            |    58 |    86 |   121 ||   265
